 Dungeon Crawl Stone Soup version 0.30.1-4-g462c640d31 (webtiles) character file.

Game seed: 13079156047374954771

147 Almogavar the Firebug (level 5, -1/38 HPs)
             Began as a Hill Orc Fire Elementalist on Aug 16, 2023.
             Slain by a scorpion (5 damage)
             ... on level 4 of the Dungeon.
             The game lasted 00:09:52 (3380 turns).

Almogavar the Firebug (Hill Orc Fire Elementalist)  Turns: 3380, Time: 00:09:53

Health: -1/38      AC:  3    Str: 13    XL:     5   Next: 29%
Magic:  2/8        EV: 12    Int: 17    God:
Gold:   163        SH:  0    Dex: 11    Spells: 5/8 levels left

rFire   + . .        m - +5 short sword of the Endless March {heavy, Str+2}
rCold   . . .        (no shield)
rNeg    . . .        a - +0 robe
rPois   .            (no helmet)
rElec   .            (no cloak)
rCorr   .            n - +0 pair of gloves
SInv    .            (no boots)
Will    .....        (no amulet)
Stlth   ++           l - ring of protection from fire
HPRegen 0.26/turn    (no ring)
MPRegen 0.11/turn

%: no passive effects
@: lethally poisoned (-1 -> -6)
A: no striking features
a: no special abilities


You were on level 4 of the Dungeon.
You visited 1 branch of the dungeon, and saw 4 of its levels.

You collected 163 gold pieces.

Inventory:

Hand Weapons
 m - the +5 short sword of the Endless March (weapon) {heavy, Str+2}
   (You found it on level 3 of the Dungeon)

   Str:       It affects your strength (+2).
Armour
 a - a +0 robe (worn)
 c - a +0 leather armour
 n - a +0 pair of gloves (worn)
Jewellery
 l - a ring of protection from fire (left hand)
Scrolls
 e - a scroll of magic mapping
 f - a scroll of acquirement {unknown}
 h - a scroll of amnesia {unknown}
 j - a scroll of butterflies {unknown}
 k - a scroll of silence {unknown}
 o - a scroll of noise {unknown}
Potions
 b - a potion of magic
 d - a potion of brilliance
 g - a potion of degeneration {unknown}
 i - a potion of resistance {unknown}


   Skills:
 + Level 1.8 Dodging
 + Level 2.3 Stealth
 + Level 2.3 Spellcasting
 + Level 2.1 Conjurations
 + Level 4.6 Fire Magic


You had 5 spell levels left.
You knew the following spells:

 Your Spells              Type           Power      Damage    Failure   Level
a - Foxfire               Conj/Fire      52%        2x1d6     4%          1
b - Scorch                Fire           34%        2d6       4%          2

Your spell library contained the following spells:

 Spells                   Type           Power      Damage    Failure   Level
 Necrotise                Necr           8%         1d4       19%         1
 Inner Flame              Hex/Fire       9%         N/A       22%         3
 Volatile Blastmotes      Fire/Tloc      18%        2d11      22%         3
 Flame Wave               Conj/Fire      13%        2d6       43%         4
 Ozocubu's Armour         Ice            2%         N/A       50%         3
 Vampiric Draining        Necr           2%         2d6       50%         3
 Agony                    Necr           2%         N/A       99%         5
 Metabolic Englaciation   Hex/Ice        1%         N/A       99%         5
 Simulacrum               Ice/Necr       1%         N/A       100%        6
 Ozocubu's Refrigeration  Ice            1%         4d7       100%        7


Dungeon Overview and Level Annotations

Branches:
Dungeon (4/15)
 Temple: D:4-7

Altars:


Message History

The scorpion is heavily wounded.
The scorpion stings you.
You are poisoned.
The scorpion poisons you!
Casting: Foxfire (safe; 4% risk of failure)
Confirm with . or Enter, or press ? or * to list all spells.
You conjure some foxfire!
You feel sick. The scorpion stings you.
Your magical contamination has completely faded away.
You feel sick.
The foxfire hits the scorpion but does no damage.
The scorpion is heavily wounded.
The foxfire hits the scorpion.
The scorpion is severely wounded.
The scorpion stings you.
You are more poisoned.
The scorpion poisons you!
Casting: Foxfire (safe; 4% risk of failure)
Confirm with . or Enter, or press ? or * to list all spells.
You conjure some foxfire!
You feel very sick. The scorpion stings you. The scorpion barely misses you.
You feel sick.
The foxfire hits the scorpion but does no damage.
The scorpion is severely wounded.
The foxfire hits the scorpion.
The scorpion is almost dead.
The scorpion stings you but does no damage.
Casting: Foxfire (safe; 4% risk of failure)
Confirm with . or Enter, or press ? or * to list all spells.
You conjure some foxfire!
You feel sick. The scorpion stings you!
* * * LOW HITPOINT WARNING * * *
* * * LOW HITPOINT WARNING * * *
You feel sick.
The foxfire hits the scorpion but does no damage.
The scorpion is almost dead.
The foxfire hits the scorpion.
The scorpion is almost dead.
The scorpion misses you. The scorpion attacks as you move away!
The scorpion stings you.
You die...

......##.. ......<
.......#.##......##
.......#).........###
....................#
....................##
.........#...........#
#......s.#...........#
#.....@............##
#)...)§...........†..#
..................##..#
...............#.###..#
....##......#.#### #.##
# ...##......<#.#
#..##. #.............#
#..... ## ..........##
#..... .........#
######.<.


You could see a scorpion.

Vanquished Creatures
  4 adders
  4 gnolls
  A worm (D:3)
  2 dart slugs
  An orc (D:4)
  6 ball pythons
  6 endoplasms
  3 giant cockroaches
  6 hobgoblins
  10 kobolds
  A quokka (D:2)
  6 bats
  2 frilled lizards (D:1)
  7 goblins
  6 rats
65 creatures vanquished.

Vanquished Creatures (others)
  182 foxfires
182 creatures vanquished.

Grand Total: 247 creatures vanquished

Notes
Turn   | Place    | Note
-------+----------+-------------------------------------------
     0 | D:1      | Almogavar the Hill Orc Fire Elementalist began the quest
                  | for the Orb.
     0 | D:1      | Reached XP level 1. HP: 14/14 MP: 3/3
     1 | D:1      | Noticed an electric eel
   147 | D:1      | Reached XP level 2. HP: 17/20 MP: 0/4
   252 | D:1      | Learned a level 2 spell: Scorch
   560 | D:1      | Reached XP level 3. HP: 26/26 MP: 1/5
   794 | D:1      | Reached skill level 4 in Fire Magic
  1518 | D:2      | Reached XP level 4. HP: 33/33 MP: 2/7
  2460 | D:3      | Identified the +5 short sword of the Endless March {heavy,
                  | Str+2}
  3252 | D:4      | Reached XP level 5. HP: 38/38 MP: 4/8
  3380 | D:4      | Slain by a scorpion

Illustrated notes

Levels and vault maps discovered:
D:1:      arrival_aquarium_a, layout_basic
D:2:      layout_loops_ring
D:3:      layout_basic
D:4:      layout_cave_pools, minmay_misc_feat_cross

Skill      XL: |  1  2  3  4 |
---------------+-------------+-----
Fire Magic     | 4 |  4.6
Spellcasting   | 2 |  2.3
Stealth        | 2 |  2.3
Conjurations   | 2 |  2.1
Dodging        | |  1.8

Action                     |  1- 3 |  4- 6 || total
---------------------------+-------+-------++-------
  Melee: Unarmed           |     3 |       ||     3
         Dagger            |     1 |     4 ||     5
         Short sword       |       |     3 ||     3
   Cast: Foxfire           |    57 |    58 ||   115
    Use: Scroll            |       |     2 ||     2
   Stab: Sleeping          |       |     1 ||     1
 Armour: Robe              |     2 |     1 ||     3
  Dodge: Dodged            |    10 |    24 ||    34
